 Dungeon Crawl Stone Soup version 0.21.1-1-g345015f (webtiles) character file.

1274 Fang the Slasher (level 8, -7/51 HPs)
             Began as a Gargoyle Berserker on May 6, 2018.
             Was an Elder of Trog.
             Mangled by Menkaure (20 damage)
             ... on level 5 of the Dungeon.
             The game lasted 00:09:00 (4718 turns).

Fang the Slasher (Gargoyle Berserker)               Turns: 4718, Time: 00:09:01

Health: -7/51      AC:  7    Str: 22    XL:     8   Next: 53%
Magic:  8/8        EV: 13    Int:  9    God:    Trog [****..]
Gold:   212        SH:  0    Dex:  9    Spells: 7/7 levels left

rFire    . . .     SeeInvis .   s - +2 great sword (protect)
rCold    . . .     Gourm    .   (shield currently unavailable)
rNeg     + . .     Faith    .   b - +0 animal skin
rPois    ∞         Spirit   .   (no helmet)
rElec    +         Reflect  .   (no cloak)
rCorr    .         Harm     .   (no gloves)
MR       .....                  (no boots)
Stlth    ++........             (no amulet)
HPRegen  0.17/turn              w - ring of poison resistance
MPRegen  0.11/turn              (no ring)

@: no status effects
A: negative energy resistance 1, electricity resistance, unbreathing,
petrification resistance, rot immunity, AC +5
a: Berserk, Trog's Hand, Brothers in Arms, Burn Spellbooks, Renounce Religion


You were on level 5 of the Dungeon.
You worshipped Trog.
Trog was greatly pleased with you.
You were not hungry.

You visited 1 branch of the dungeon, and saw 5 of its levels.
You also visited: Ossuary.

You collected 212 gold pieces.

Inventory:

Hand Weapons
 a - a +0 hand axe
 s - a +2 great sword of protection (weapon)
Armour
 b - a +0 animal skin (worn)
Jewellery
 i - an uncursed amulet of harm {unknown}
 w - a ring of poison resistance (left hand)
Wands
 n - a wand of scattershot (7)
 o - a wand of polymorph (6)
Scrolls
 e - a scroll of fog
 g - a scroll of fear
 h - 5 scrolls of remove curse
 p - a scroll of enchant weapon {unknown}
 r - 8 scrolls of random uselessness {unknown}
Potions
 d - a potion of berserk rage
 f - 2 potions of cancellation
 j - 2 potions of heal wounds
 k - a potion of curing
 l - a potion of agility
 m - a potion of mutation {unknown}
 q - 11 potions of degeneration {unknown}
 t - a potion of flight
Comestibles
 c - 6 rations


   Skills:
 + Level 5.9 Fighting
 + Level 6.3 Long Blades
 + Level 3.5 Axes
 + Level 2.3 Armour
 + Level 3.8 Dodging
 + Level 2.2 Stealth


You had 7 spell levels left.
You didn't know any spells.

Dungeon Overview and Level Annotations

Branches:
Dungeon (5/15)
 Temple: D:4-7

Altars:
Kikubaaqudgha
Okawaru
Sif Muna
Trog
Zin

Shops:
D:4 (

Annotations:
D:5 Menkaure


Innate Abilities, Weirdness & Mutations

You are resistant to torment.
Your stone body is resilient. (AC +5)
You are immune to poison.
You resist negative energy. (rN+)
You are resistant to electric shocks. (rElec)
You can survive without breathing.
You are immune to petrification.
You are immune to rotting.


Message History

You struggle to resist.
You're too hungry.
Menkaure calls on the powers of darkness!
Your body is wracked with pain!
Menkaure gestures wildly while chanting.
Menkaure seems to speed up.
You barely miss Menkaure.
Menkaure calls on the powers of darkness!
Your body is wracked with pain!
Menkaure hits you!!
* * * LOW HITPOINT WARNING * * *
You are too injured to fight recklessly!
You are too injured to fight recklessly!
You are too injured to fight recklessly!
You are too injured to fight recklessly!
You are too injured to fight recklessly!
You are too injured to fight recklessly!
You are too injured to fight recklessly!
You eat one of the 7 rations.
That ration really hit the spot!
Menkaure hits you!!
You die...

###.#.# #.#.### ....
###.#.#.# #..##
#.....#.. ....#
#.#.###.# ...#
#.#..##.# ...#
#.##.##.### # #..#
#. #.##...# #.#M.#
#. #.##.######.#@.#
#. #..............#
##.#.####.######..##
##.#..#............#
......#.#.######...#
...##.#.#.# #...#
...##.#.#.######...#
...##.#.#..........#
...##.#.#.#######..#


You could see Menkaure.

Vanquished Creatures
  The ghost of johnbochnow the Covered, a novice MiFi (D:4)
  A sky beast (D:5)
  2 ogres
  An elf skeleton (D:5)
  A jelly (D:5)
  A centaur zombie (Ossuary)
  2 crimson imps (D:5)
  A human zombie (Ossuary)
  2 bullfrog skeletons (D:4)
  4 orc priests
  An orc wizard (D:3)
  2 human skeletons (D:5)
  A worker ant (D:5)
  4 mummies (Ossuary)
  A worker ant zombie (D:5)
  3 adders
  An ooze (D:2)
  A worm (D:2)
  A leopard gecko (D:5)
  13 orcs
  A ball python (D:1)
  9 bats
  3 giant cockroaches (D:1)
  8 goblins
  5 hobgoblins
  6 jackals
  14 kobolds
  2 quokkas (D:2)
  5 frilled lizards
  2 goblin zombies (Ossuary)
  2 kobold zombies (Ossuary)
  3 orc skeletons (D:5)
  2 orc zombies (Ossuary)
  2 quokka zombies (D:5)
  7 rats
  A withered plant (D:2)
116 creatures vanquished.

Notes
Turn   | Place    | Note
-------+----------+-------------------------------------------
     0 | D:1      | Fang the Gargoyle Berserker began the quest for the Orb.
     0 | D:1      | Reached XP level 1. HP: 14/14 MP: 1/1
   138 | D:1      | Reached XP level 2. HP: 17/19 MP: 2/2
   435 | D:1      | Reached XP level 3. HP: 23/23 MP: 3/3
   522 | D:1      | Reached ** piety under Trog
   935 | D:2      | Found an ancient bone altar of Kikubaaqudgha.
  1393 | D:2      | Found an ancient bone altar of Kikubaaqudgha.
  1447 | D:2      | Reached XP level 4. HP: 28/29 MP: 4/4
  2053 | D:3      | Reached skill level 1 in Long Blades
  2056 | D:3      | Reached XP level 5. HP: 33/33 MP: 5/5
  2064 | D:3      | Reached skill level 2 in Long Blades
  2086 | D:3      | Reached *** piety under Trog
  2138 | D:3      | Found a bloodstained altar of Trog.
  2273 | D:3      | Found a deep blue altar of Sif Muna.
  2445 | D:3      | Found a glowing silver altar of Zin.
  3088 | D:4      | Found Xuseoloz's Antique Weapon Boutique.
  3104 | D:4      | Reached XP level 6. HP: 39/39 MP: 6/6
  3130 | D:4      | Reached skill level 3 in Long Blades
  3133 | D:4      | Reached skill level 1 in Stealth
  3538 | D:4      | Noticed johnbochnow's ghost (novice MiFi)
  3552 | D:4      | Killed johnbochnow's ghost
  3552 | D:4      | Reached skill level 5 in Fighting
  3552 | D:4      | Reached skill level 4 in Long Blades
  3552 | D:4      | Reached XP level 7. HP: 21/44 MP: 7/7
  3896 | D:5      | Entered Level 5 of the Dungeon
  3953 | D:5      | Reached skill level 5 in Long Blades
  3995 | D:5      | Reached XP level 8. HP: 50/50 MP: 8/8
  4042 | D:5      | Found a sand-covered staircase.
  4168 | Ossuary  | Entered an ossuary
  4238 | Ossuary  | Reached skill level 6 in Long Blades
  4425 | Ossuary  | Reached **** piety under Trog
  4554 | D:5      | Found an iron altar of Okawaru.
  4710 | D:5      | Noticed Menkaure
  4718 | D:5      | Mangled by Menkaure

Skill      XL: |  1  2  3  4  5  6  7  8 |
---------------+-------------------------+-----
Axes           | 3 |  3.5
Dodging        | 2 3 |  3.8
Long Blades    | 1 2 4 5 6 |  6.3
Fighting       | 4 5 |  5.9
Stealth        | 1 2 |  2.2
Armour         | |  2.3

Action                   |  1- 3 |  4- 6 |  7- 9 || total
-------------------------+-------+-------+-------++-------
Melee: Hand axe          |    99 |       |       ||    99
       Great sword       |    39 |   113 |    91 ||   243
Invok: Berserk           |       |     4 |       ||     4
  Use: Scroll            |       |    10 |       ||    10
       Potion            |       |     6 |       ||     6
 Stab: Sleeping          |       |       |     3 ||     3
       Distracted        |       |       |     2 ||     2
  Eat: Chunk             |     2 |     6 |       ||     8
       Ration            |       |     1 |     2 ||     3
Armor: Animal skin       |    84 |    76 |    30 ||   190
Dodge: Dodged            |   113 |   150 |    48 ||   311
       Rpst.: Great sword |    13 |    31 |    18 ||    62
